 Dungeon Crawl Stone Soup version 0.29.0-5-ge4962eb29e (webtiles) character file.

Game seed: 2474166365093915601

68 Flugkiller the Covered (level 4, 0/40 HPs)
             Began as a Minotaur Fighter on Aug 28, 2022.
             Slain by a scorpion (2 damage)
             ... on level 4 of the Dungeon.
             The game lasted 00:00:52 (969 turns).

Flugkiller the Covered (Minotaur Fighter)            Turns: 969, Time: 00:00:52

Health: 0/40       AC: 13    Str: 20    XL:     4   Next: 1%
Magic:  3/3        EV:  5    Int:  5    God:
Gold:   58         SH:  4    Dex: 12    Spells: 3/3 levels left

rFire   . . .      SeeInvis .   a - +0 war axe
rCold   . . .      Faith    .   c - +0 buckler
rNeg    . . .      Spirit   .   g - +0 plate armour
rPois   .          Reflect  .   (helmet restricted)
rElec   .          Harm     .   n - +0 cloak
rCorr   .          Rampage  .   (no gloves)
Will    .....                   (no boots)
Stlth   ..........              e - amulet of regeneration
HPRegen 0.93/turn               (no ring)
MPRegen 0.08/turn               (no ring)

@: brilliant, lethally poisoned (0 -> -21)
A: horns 2, retaliatory headbutt
a: no special abilities


You were on level 4 of the Dungeon.
You visited 1 branch of the dungeon, and saw 3 of its levels.

You collected 58 gold pieces.

Inventory:

Hand Weapons
 a - a +0 war axe (weapon)
Armour
 b - a +0 scale mail
 c - a +0 buckler (worn)
 g - a +0 plate armour (worn)
   (You found it on level 1 of the Dungeon)
 m - a +0 tower shield
   (You found it on level 2 of the Dungeon)
 n - a +0 cloak (worn)
   (You found it on level 4 of the Dungeon)
Jewellery
 e - an amulet of regeneration (around neck)
   (You found it on level 1 of the Dungeon)
Scrolls
 f - 2 scrolls of brand weapon {unknown}
 h - a scroll of magic mapping {unknown}
 j - a scroll of blinking {unknown}
 k - a scroll of immolation {unknown}
 l - a scroll of poison {unknown}
 o - a scroll of silence {unknown}
Potions
 d - 3 potions of might


   Skills:
 + Level 4.2 Fighting
 * Level 4.1 Axes
 + Level 4.3 Armour
 - Level 3.6 Shields


You had 3 spell levels left.
You didn't know any spells.
Your spell library was empty.

Dungeon Overview and Level Annotations

Branches:
Dungeon (2/15)

Altars:


Innate Abilities, Weirdness & Mutations

You have a pair of horns on your head.
You reflexively headbutt those who attack you in melee.


Message History

A scorpion comes into view.
You block the water moccasin's attack. You block the goblin's attack.
The water moccasin closely misses you.
You hit the water moccasin.
Your headbutt misses the water moccasin.
The water moccasin is lightly wounded.
You hit the goblin. You block the water moccasin's attack.
The goblin hits you but does no damage.
The water moccasin bites you but does no damage.
You barely miss the goblin.
The goblin is moderately wounded.
You hit the water moccasin but do no damage.
You block the goblin's attack. The water moccasin barely misses you.
You barely miss the goblin. Your headbutt misses the goblin.
The goblin is moderately wounded.
You closely miss the water moccasin. You barely miss the scorpion.
The water moccasin bites you but does no damage.
The goblin hits you with a +0 dagger. The scorpion barely misses you.
The water moccasin bites you. The goblin hits you but does no damage.
You slash the goblin!
You kill the goblin!
You closely miss the water moccasin. You hit the scorpion but do no damage.
The water moccasin bites you but does no damage.
The scorpion stings you but does no damage.
The water moccasin bites you but does no damage.
The scorpion completely misses you. You furiously retaliate!
You headbutt the scorpion, but do no damage.
You miss the water moccasin.
The water moccasin is lightly wounded.
You closely miss the scorpion. The water moccasin barely misses you.
You furiously retaliate!
You headbutt the water moccasin. You block the scorpion's attack.
The water moccasin barely misses you. You furiously retaliate!
You headbutt the water moccasin, but do no damage.
The scorpion stings you but does no damage.
You slash the water moccasin!
Your headbutt misses the water moccasin.
The water moccasin is heavily wounded.
You slash the scorpion!
The water moccasin bites you but does no damage.
The scorpion stings you. The water moccasin barely misses you.
You closely miss the water moccasin.
Your headbutt misses the water moccasin.
The water moccasin is heavily wounded.
You closely miss the scorpion.
The scorpion stings you but does no damage.
The water moccasin bites you but does no damage.
The scorpion barely misses you. You furiously retaliate!
You headbutt the scorpion.
The water moccasin bites you but does no damage.
Unknown command.
You closely miss the water moccasin.
The water moccasin is heavily wounded.
You closely miss the scorpion.
The water moccasin completely misses you.
The scorpion stings you.
You are poisoned.
The scorpion poisons you! You block the water moccasin's attack.
The scorpion stings you but does no damage.
You hit the water moccasin.
Your headbutt misses the water moccasin.
The water moccasin is heavily wounded.
You barely miss the scorpion.
You feel very sick. The water moccasin bites you.
You are more poisoned.
The water moccasin poisons you! You block the scorpion's attack.
The water moccasin bites you.
You are more poisoned.
The water moccasin poisons you!
You slash the water moccasin!
The water moccasin is severely wounded.
You hit the scorpion but do no damage.
You feel extremely sick. The scorpion barely misses you.
You furiously retaliate!
You headbutt the scorpion, but do no damage.
The water moccasin bites you. The scorpion stings you.
* * * LOW HITPOINT WARNING * * *
You are more poisoned.
The scorpion poisons you!
You are too injured to fight recklessly!
You are too injured to fight recklessly!
You are too injured to fight recklessly!
You are too injured to fight recklessly!
You are too injured to fight recklessly!
You are too injured to fight recklessly!
You are too injured to fight recklessly!
You are too injured to fight recklessly!
You are too injured to fight recklessly!
You are too injured to fight recklessly!
You are too injured to fight recklessly!
Unknown command.
It was a potion of brilliance.
You feel clever all of a sudden.
* * * LOW HITPOINT WARNING * * *
You feel extremely sick.
The water moccasin completely misses you.
The water moccasin bites you but does no damage.
The scorpion stings you.
You die...

####...........
........#######
........##
.........###
.<.........###
.............#
..........#.....
..........###...
.........@s# ..
.....>..)S......#
................#
.#..............#
##..............
#...........##.
##.........##
#....###..#


You could see a water moccasin and a scorpion.

Vanquished Creatures
  2 adders (D:2)
  A gnoll (D:1)
  A dart slug (D:1)
  3 orcs (D:4)
  A ball python (D:1)
  4 endoplasms (D:1)
  5 hobgoblins
  5 kobolds
  2 quokkas (D:1)
  2 bats (D:1)
  2 frilled lizards (D:1)
  4 goblins
  2 rats (D:1)
34 creatures vanquished.

Notes
Turn   | Place    | Note
-------+----------+-------------------------------------------
     0 | D:1      | Flugkiller the Minotaur Fighter began the quest for the
                  | Orb.
     0 | D:1      | Reached XP level 1. HP: 19/19 MP: 0/0
   219 | D:1      | Reached XP level 2. HP: 27/27 MP: 1/1
   374 | D:1      | Found a faded altar of an unknown god.
   668 | D:1      | Reached XP level 3. HP: 32/33 MP: 2/2
   871 | D:2      | You fall into a shaft and drop 2 floors!
   908 | D:4      | Reached XP level 4. HP: 40/40 MP: 3/3
   955 | D:4      | Noticed a water moccasin
   957 | D:4      | Noticed a scorpion
   969 | D:4      | HP: 2/40 [poisoned by a scorpion]
   969 | D:4      | Slain by a scorpion

Illustrated notes

Levels and vault maps discovered:
D:1:      scummos_arrival_star, layout_basic, chequers_ecumenical_altar_island,
          chequers_serial_rivers_small_a
D:2:      layout_loops_ring, basic_altar
D:4:      layout_layer_cave, pdpol_wu_jian_five_deadly_venoms,
          nicolae_elevator_lobby_plus

Skill      XL: |  1  2  3 |
---------------+----------+-----
Axes           | 3 4 |  4.1
Fighting       | 4 |  4.2
Armour         | 4 |  4.3
Shields        | |  3.6

Action                   |  1- 3 |  4- 6 || total
-------------------------+-------+-------++-------
Melee: War axe           |    79 |    10 ||    89
       Headbutt          |     8 |       ||     8
  Use: Potion            |       |     1 ||     1
Armor: Scale mail        |     5 |       ||     5
       Plate armour      |    53 |    14 ||    67
Dodge: Dodged            |    29 |    11 ||    40
Block: Buckler           |    14 |     7 ||    21
